 Dungeon Crawl Stone Soup version 0.30-a0-168-g0b976cbdc4 (webtiles) character file.

Game seed: 5036502360755119501

92 qw the Chopper (level 4, -4/28 HPs)
             Began as a Gargoyle Fighter on Sept 29, 2022.
             Slain by an ogre
             ... wielding a +0 giant club
              (13 damage)
             ... on level 3 of the Dungeon.
             The game lasted 00:00:38 (1760 turns).

qw the Chopper (Gargoyle Fighter)                   Turns: 1760, Time: 00:00:38

Health: -4/28      AC: 15    Str: 22    XL:     4   Next: 60%
Magic:  4/4        EV:  7    Int:  8    God:
Gold:   93         SH:  4    Dex:  9    Spells: 3/3 levels left

rFire   . . .      SeeInvis .    Y - +0 war axe (vorpal)
rCold   . . .      Faith    .    c - +0 buckler
rNeg    + . .      Spirit   .    i - +0 chain mail
rPois   inf        Reflect  .    j - +0 helmet
rElec   +          Harm     .    p - +0 cloak
rCorr   .          Rampage  .    (no gloves)
Will    +....                    (no boots)
Stlth   ..........               h - amulet of regeneration
HPRegen 0.89/turn                g - ring of willpower
MPRegen 0.09/turn                (no ring)

@: no status effects
A: sickness immunity, AC +3, negative energy resistance 1, electricity
resistance, torment resistance 1, petrification resistance
a: no special abilities


You were on level 3 of the Dungeon.
You visited 1 branch of the dungeon, and saw 3 of its levels.

You collected 93 gold pieces.


Innate Abilities, Weirdness & Mutations

You are immune to sickness and miasma.
Your stone body is resilient. (AC +3)
You are immune to poison.
You resist negative energy. (rN+)
You are resistant to electric shocks. (rElec)
You are resistant to unholy torment.
You are immune to petrification.


   Skills:
 - Level 3.2 Fighting
 + Level 4.2 Axes
 - Level 3.2 Armour
 - Level 3.2 Shields


You had 3 spell levels left.
You didn't know any spells.
Your spell library was empty.

Inventory:

Hand Weapons
 e - a +0 whip
 Y - a +0 vorpal war axe (weapon)
Armour
 c - a +0 buckler (worn)
 i - a +0 chain mail (worn)
 j - a +0 helmet (worn)
 p - a +0 cloak (worn)
Jewellery
 g - a ring of willpower (left hand)
 h - an amulet of regeneration (around neck)
Scrolls
 a - a scroll of identify
 b - a scroll of vulnerability {unknown}
 f - a scroll of enchant weapon {unknown}
Potions
 d - a potion of might
 k - 3 potions of curing
 l - a potion of haste
 m - a potion of flight {unknown}
 n - a potion of invisibility {unknown}
 q - a potion of magic {unknown}

Dungeon Overview and Level Annotations

Branches:
Dungeon (3/15)

Altars:


Message History

Assign waypoint to what number? (0-9, D - delete waypoint) Waypoint 2 re-assigned from D:1 to D:3.
Enter note:
b - a scroll labelled FOYSOA DIDOLEY A bat comes into view.
Found a scroll labelled TOHA CA SAMUU.
The bat hits you but does no damage. x2
You hit the bat.
You kill the bat!
You see here a bat corpse.
f - a scroll labelled TOHA CA SAMUU
Found a book of Frost.
n - a fizzy ruby potion
Found a stone staircase leading up.
An ogre comes into view. It is wielding a +0 giant club.
The ogre shouts!
You hear an angry hiss.
You hear a bark! x2
A frilled lizard comes into view.
You hear a bark!
You hit the ogre but do no damage. The ogre barely misses you.
You hit the ogre.
The ogre is lightly wounded.
The ogre hits you with a +0 giant club!
You hit the ogre.
The ogre is moderately wounded.
The ogre closely misses you.
A jackal comes into view.
1753 ||| Stepping ~*~*~tactically~*~*~ (stealth).
1754 ||| FLEEEEING.
1756 ||| FLEEEEING.
1757 ||| FLEEEEING.
Enter note: You closely miss the ogre.
The ogre is moderately wounded.
The ogre hits you with a +0 giant club!!
Ouch! That really hurt!
You barely miss the ogre.
The ogre is moderately wounded.
The ogre hits you with a +0 giant club!
You die...

...%.......#.#.#
..###....##....####
.## #.#.###.......#
## #.#.#
#.#####.### # #.#.#
#.# #.#.## # #.#.#
#.# #..#.# # #.#.#
#.# #.###Ol...h# #
#.#.. ...
##Ol#.####..# #
#.### #. #@...#
...........#
##.##<#..:##
.........
###........
.##.#...# #.
....#... #. .#...#.


You could see an ogre and a frilled lizard.

Vanquished Creatures
  Jessica (D:2)
  Robin (D:2)
  A gnoll (D:1)
  A worm (D:2)
  2 bats
  An endoplasm (D:1)
  A giant cockroach (D:2)
  14 goblins
  6 hobgoblins
  A quokka (D:2)
  3 ball pythons (D:1)
  4 frilled lizards (D:1)
  3 kobolds
  2 rats (D:1)
41 creatures vanquished.

Notes
Turn   | Place    | Note
-------+----------+-------------------------------------------
     0 | D:1      | qw the Gargoyle Fighter began the quest for the Orb.
     0 | D:1      | Reached XP level 1. HP: 14/14 MP: 1/1
     0 | D:1      | 0 ||| qw: Version: 0.2-a-12-gaebbb33
     0 | D:1      | 0 ||| qw: Game counter: 1188
     0 | D:1      | 0 ||| qw: Always use a shield: true
     0 | D:1      | 0 ||| qw: God list: Okawaru
     0 | D:1      | 0 ||| qw: Allow faded altars: false
     0 | D:1      | 0 ||| qw: Do Orc after D:15 true
     0 | D:1      | 0 ||| qw: Do second Lair branch before Depths: true
     0 | D:1      | 0 ||| qw: Lair rune preference: random
     0 | D:1      | 0 ||| qw: Plans: Normal, Zot:1-4, God:TSO, Crypt, Tomb,
                  | Pan, Slime:5, Hells, Abyss, Orb
     0 | D:1      | 0 ||| PLANNING D:1-11
   129 | D:1      | Reached skill level 2 in Axes
   316 | D:1      | Reached XP level 2. HP: 8/19 MP: 2/2
   366 | D:1      | 366 ||| Stepping ~*~*~tactically~*~*~ (stealth).
   367 | D:1      | 367 ||| Stepping ~*~*~tactically~*~*~ (stealth).
   580 | D:1      | 580 ||| Stepping ~*~*~tactically~*~*~ (stealth).
   582 | D:1      | Reached skill level 3 in Axes
   682 | D:1      | Reached XP level 3. HP: 23/23 MP: 3/3
   915 | D:1      | 915 ||| UPGRADING to +0 chain mail.
   925 | D:1      | 925 ||| DROPPING +0 scale mail.
   926 | D:1      | 926 ||| UPGRADING to +0 helmet.
   931 | D:1      | 931 ||| UPGRADING to +0 cloak.
   936 | D:1      | 936 ||| UPGRADING to amulet of regeneration.
   941 | D:1      | 941 ||| DROPPING +6 ring of intelligence.
   942 | D:1      | 942 ||| UPGRADING to ring of willpower.
   943 | D:1      | 943 ||| READING 2 scrolls labelled MUAPAG SIMEZ.
   944 | D:1      | 944 ||| READING scroll labelled COTACOU NURE.
   945 | D:1      | 945 ||| READING scroll labelled NEPRAI TIJAUWN.
   946 | D:1      | 946 ||| DRINKING 2 white potions.
   960 | D:2      | Noticed Jessica
   962 | D:2      | Killed Jessica
  1054 | D:2      | Found a faded altar of an unknown god.
  1069 | D:2      | Reached XP level 4. HP: 28/28 MP: 4/4
  1072 | D:2      | 1072 ||| Stepping ~*~*~tactically~*~*~ (stealth).
  1235 | D:2      | Noticed Robin
  1238 | D:2      | 1238 ||| Stepping ~*~*~tactically~*~*~ (stealth).
  1244 | D:2      | Reached skill level 4 in Axes
  1250 | D:2      | Killed Robin
  1680 | D:2      | 1680 ||| DROPPING amulet of guardian spirit.
  1681 | D:2      | 1681 ||| READING scroll labelled FUZIFOI GELI.
  1685 | D:2      | 1685 ||| READING 2 scrolls labelled NUX WOSOSE.
  1686 | D:2      | 1686 ||| READING 2 scrolls of identify.
  1686 | D:2      | 1686 ||| IDENTIFYING sapphire potion
  1687 | D:2      | 1687 ||| DROPPING scroll of fear.
  1746 | D:3      | Noticed an ogre
  1753 | D:3      | 1753 ||| Stepping ~*~*~tactically~*~*~ (stealth).
  1754 | D:3      | 1754 ||| FLEEEEING.
  1756 | D:3      | 1756 ||| FLEEEEING.
  1757 | D:3      | 1757 ||| FLEEEEING.
  1760 | D:3      | Slain by an ogre

Levels and vault maps discovered:
D:1:      elethiomel_arrival_quiet, layout_loops_cross, st_stairs_10
D:2:      layout_loops_ring, chequers_ecumenical_altar_island, uniq_jessica,
          uniq_robin
D:3:      layout_loops_ring, nicolae_overflow_hidden_temple

Skill      XL: |  1  2  3  4 |
---------------+-------------+-----
Axes           | 2 3 4 |  4.2
Fighting       | |  3.2
Armour         | |  3.2
Shields        | |  3.2

Action                   |  1- 3 |  4- 6 || total
-------------------------+-------+-------++-------
Melee: War axe           |    52 |    45 ||    97
  Use: Scroll            |     3 |     3 ||     6
       Potion            |     1 |       ||     1
Armor: Scale mail        |    20 |       ||    20
       Chain mail        |     2 |    31 ||    33
Dodge: Dodged            |    14 |    15 ||    29
Block: Buckler           |    11 |     7 ||    18

Table legend:
 A = Non-vault XP
 B = Vault XP
 C = Vault XP percentage of total XP
 D = Non-vault monster count
 E = Vault monster count
 F = Vault count percentage of total count
                 A         B        C        D         E       F
            +---------+---------+-------+---------+---------+-------
      Total |      55 |      77 |  58.3 |      25 |      16 |  39.0
            +---------+---------+-------+---------+---------+-------
        D:1 |      37 |       3 |   7.5 |      17 |       2 |  10.5
        D:2 |      16 |      74 |  82.2 |       7 |      14 |  66.7
        D:3 |       2 |       0 |   0.0 |       1 |       0 |   0.0
            +---------+---------+-------+---------+---------+-------
